 Dungeon Crawl Stone Soup version 0.24-a0-581-gc0fa6600bf (webtiles) character file.

Game seed: 17325332129451569065

8113 Banto the Spear-Bearer (level 11, -2/82 (83) HPs)
             Began as a Demonspawn Gladiator on Aug 23, 2019.
             Was an Elder of Okawaru.
             Slain by an unseen horror (7 damage)
             ... on level 9 of the Dungeon.
             The game lasted 00:12:02 (9663 turns).

Banto the Spear-Bearer (Demonspawn Gladiator)       Turns: 9663, Time: 00:12:02

HP:   -2/82 (83)    AC: 11    Str: 15    XL:     11   Next: 5%
MP:   3/3           EV: 17    Int: 12    God:    Okawaru [****..]
Gold: 555           SH:  6    Dex: 21    Spells: 10/10 levels left

rFire    . . .     SeeInvis .   r - +8 demon trident "Qown" {antimagic, Dex+6}
rCold    . . .     Gourm    .   (no shield)
rNeg     . . .     Faith    .   p - +1 leather armour {rPois}
rPois    +         Spirit   .   c - +1 helmet
rElec    .         Reflect  .   v - +2 cloak
rCorr    .         Harm     .   h - +0 pair of gloves
MR       +....                  (no boots)
Stlth    ++++......             (no amulet)
HPRegen  0.23/turn              s - ring of stealth
MPRegen  0.08/turn              k - ring of protection from magic

@: no status effects
A: talons 2, large bone plates 2, demonic guardian 2, nightstalker 1
a: Heroism, Renounce Religion


You were on level 9 of the Dungeon.
You worshipped Okawaru.
Okawaru was greatly pleased with you.
You were not hungry.

You visited 2 branches of the dungeon, and saw 10 of its levels.

You collected 579 gold pieces.
You spent 24 gold pieces at shops.

Inventory:

Hand Weapons
 r - the +8 demon trident "Qown" (weapon) {antimagic, Dex+6}
   (You acquired it on level 7 of the Dungeon)

   It reduces the magical energy of the wielder, and disrupts the spells and
   magical abilities of those hit.
   Natural abilities and divine invocations are not affected.
   It affects your dexterity (+6).
Missiles
 d - 6 throwing nets (quivered)
Armour
 c - a +1 helmet (worn)
 h - a +0 pair of gloves (worn)
 p - a +1 leather armour of poison resistance (worn)
 v - a +2 cloak (worn)
Jewellery
 k - a ring of protection from magic (right hand)
 s - a ring of stealth (left hand)
 B - a +5 amulet of reflection {unknown}
Wands
 m - a wand of flame (15)
 t - a wand of digging (6)
 z - a wand of paralysis (7)
 A - a wand of polymorph (9)
Scrolls
 b - 2 scrolls of amnesia
 e - 3 scrolls of enchant armour
 g - 3 scrolls of identify
 i - 2 scrolls of teleportation
 n - a scroll of remove curse
 y - a scroll of enchant weapon
Potions
 a - a potion of invisibility
 j - 2 potions of magic
 l - 4 potions of flight
 o - a potion of heal wounds
 q - 5 potions of lignification
 u - a potion of curing
 x - 2 potions of mutation
Comestibles
 f - 19 rations


   Skills:
 + Level 6.8 Fighting
 - Level 12.0 Polearms
 - Level 1.7 Throwing
 + Level 5.8 Armour
 + Level 6.5 Dodging


You had 10 spell levels left.
You didn't know any spells.
Your spell library contained the following spells:

 Spells                   Type           Power        Failure   Level  Hunger
 Shock                    Conj/Air       #...         36%         1    ##.....
 Swiftness                Chrm/Air       #.......     52%         2    ###....
 Static Discharge         Conj/Air       #.......     75%         3    ####...
 Airstrike                Air            #.........   98%         4    #####..
 Lightning Bolt           Conj/Air       #.........   100%        5    ######.


Dungeon Overview and Level Annotations

Branches:
Dungeon (9/15)             Temple (1/1) D:7
   Lair: D:8-11         Orc: D:9-12

Altars:
Ashenzari
Cheibriados
Dithmenos
Elyvilon
Fedhas
Gozag
Hepliaklqana
Kikubaaqudgha
Makhleb
Nemelex Xobeh
Okawaru
Qazlal
Ru
Sif Muna
Trog
Uskayaw
Vehumet
Wu Jian
Xom
Yredelemnul
Zin
The Shining One

Shops:
D:6 *   D:9 (


Innate Abilities, Weirdness & Mutations

You have razor-sharp toenails.
You are mostly covered in large bone plates. (SH +6)
A demonic guardian rushes to your aid.
You are slightly more attuned to the shadows.


Message History

Aim: a cyclops (almost dead)
You hit the cyclops.
The cyclops is almost dead.
The cyclops hits you.
* * * LOW HITPOINT WARNING * * *
Your soul eater barely misses the cyclops.
You take 4 damage, and have 5/82 hp.
Attack whom?
Press: ? - help, Dir - move target cursor, f/p - cyclops
Aim: a cyclops (almost dead)
You puncture the cyclops!
You kill the cyclops!
Okawaru accepts your kill. Something hits you but does no damage.
Deactivating autopickup; reactivate with Ctrl-A.
You swap places.
Something hits you but does no damage. x2
Your soul eater hits something!
Something closely misses you.
Your soul eater hits something!
Something hits you!
You die...

..c{.# .Cc.# #...# #...# #..(#
#.?.### #...))# ###
###########(################..
#......>..(3.@..........<..+..
##.###..#########......#####..
#.# #.................'...'..
#.# #.########8.8.8...#####..
#.# #.#......#.⌠.⌠....# ###
#.###.#.......8.∩.8...#
#.#...'........⌠.⌠....#
#.#.#.#......#8.8.8####
#.#.#.#.........####


You could see a friendly soul eater.

Vanquished Creatures
  2 two-headed ogres
  An unseen horror (D:9)
  A cyclops (D:9)
  Joseph (D:7)
  Maurice (D:8)
  A hornet (D:7)
  A troll (D:9)
  Prince Ribbit (D:7)
  Sigmund (D:3)
  A spriggan (D:7)
  Grum (D:8)
  2 swamp worms (D:8)
  A water moccasin (D:7)
  A slave (D:4)
  2 ice beasts
  A sky beast (D:9)
  A black bear (D:7)
  A necrophage (D:5)
  5 phantoms
  3 centaurs
  An ogre (D:7)
  3 wolves (D:8)
  A big kobold (D:7)
  A bullfrog (D:8)
  A water moccasin skeleton (D:6)
  3 scorpions
  11 killer bees
  3 crimson imps
  A centaur skeleton (D:8)
  3 hounds
  2 jellies
  3 orc priests
  2 bullfrog skeletons (D:8)
  3 iguanas
  Natasha (twice) (D:2)
  7 orc wizards
  7 worker ants
  A hound skeleton (D:4)
  5 gnolls
  5 adders
  3 shadow imps
  3 oozes
  An adder zombie (D:7)
  An adder skeleton (D:4)
  3 worms
  7 leopard geckos
  34 orcs
  A ball python (D:3)
  5 bats
  7 giant cockroaches
  15 goblins
  7 hobgoblins
  11 jackals
  11 kobolds
  6 quokkas
  5 frilled lizards
  A jackal zombie (D:5)
  A quokka skeleton (D:5)
  A quokka zombie (D:5)
  3 rats
220 creatures vanquished.

Vanquished Creatures (collateral kills)
  A centaur warrior (D:9)
  Pikel (D:4)
  Edmund (D:4)
  3 swamp worms (D:8)
  2 orc warriors (D:6)
  3 slaves (D:4)
  An ogre (D:4)
  A centaur (D:9)
  2 bullfrogs (D:6)
  A scorpion (D:6)
  2 orc wizards
  3 gnolls (D:6)
  An adder (D:4)
  5 orcs
  A giant cockroach (D:2)
  A hobgoblin (D:2)
  A jackal (D:6)
30 creatures vanquished.

Vanquished Creatures (others)
  4 plants (D:8)
4 creatures vanquished.

Grand Total: 254 creatures vanquished

Notes
Turn   | Place    | Note
-------+----------+-------------------------------------------
     0 | D:1      | Banto the Demonspawn Gladiator began the quest for the Orb.
     0 | D:1      | Reached XP level 1. HP: 16/16 MP: 1/1
    68 | D:1      | Reached skill level 3 in Polearms
   131 | D:1      | Gained mutation: A weak demonic guardian rushes to your
                  | aid. [demonic ancestry]
   131 | D:1      | Reached XP level 2. HP: 6/22 MP: 2/2
  1288 | D:2      | Noticed a phantom
  1353 | D:2      | Gained mutation: You are slightly more attuned to the
                  | shadows. [demonic ancestry]
  1353 | D:2      | Reached XP level 3. HP: 27/27 MP: 3/3
  1403 | D:2      | Killed a phantom
  1403 | D:2      | Reached skill level 4 in Polearms
  1403 | D:2      | Gained mutation: You have sharp toenails. [demonic
                  | ancestry]
  1403 | D:2      | Reached XP level 4. HP: 27/33 MP: 4/4
  1442 | D:2      | Reached skill level 5 in Polearms
  1452 | D:2      | Gained mutation: You have razor-sharp toenails. [demonic
                  | ancestry]
  1452 | D:2      | Reached XP level 5. HP: 8/38 MP: 5/5
  1957 | D:2      | Found a glowing silver altar of Zin.
  2214 | D:2      | Reached skill level 6 in Polearms
  2247 | D:2      | Noticed Natasha
  2253 | D:2      | Killed Natasha
  2283 | D:2      | Gained mutation: You are partially covered in large bone
                  | plates. (SH +4) [demonic ancestry]
  2283 | D:2      | Reached XP level 6. HP: 42/44 MP: 6/6
  2404 | D:2      | Noticed Natasha
  2412 | D:2      | Killed Natasha
  2727 | D:3      | Noticed Sigmund
  3236 | D:3      | You fall into a shaft and drop 1 floor!
  3631 | D:3      | Killed Sigmund
  3631 | D:3      | Reached skill level 7 in Polearms
  3715 | D:4      | Gained mutation: A demonic guardian rushes to your aid.
                  | [demonic ancestry]
  3715 | D:4      | Reached XP level 7. HP: 45/50 MP: 7/7
  3836 | D:4      | Noticed Edmund
  3927 | D:4      | Killed Edmund
  3927 | D:4      | Reached skill level 8 in Polearms
  4168 | D:4      | Noticed Pikel
  4173 | D:4      | Killed Pikel
  4173 | D:4      | Reached XP level 8. HP: 53/56 MP: 8/8
  4299 | D:4      | Reached skill level 9 in Polearms
  4683 | D:5      | Entered Level 5 of the Dungeon
  5385 | D:6      | Reached skill level 10 in Polearms
  5773 | D:6      | Found an ornate altar of the Wu Jian Council.
  5813 | D:6      | Reached skill level 11 in Polearms
  5833 | D:6      | Reached XP level 9. HP: 13/60 MP: 9/9
  6326 | D:6      | Found Iuchem's Incredible Inventory.
  6333 | D:6      | Bought a cursed amulet of inaccuracy for 24 gold pieces
  6407 | D:6      | Found a stormy altar of Qazlal.
  6465 | D:7      | Identified a scroll of acquirement
  6466 | D:7      | Got a translucent demon trident
  6467 | D:7      | Identified the +8 demon trident "Qown" {antimagic, Dex+6}
                  | (You acquired it on level 7 of the Dungeon)
  6693 | D:7      | Noticed Prince Ribbit
  6695 | D:7      | Killed Prince Ribbit
  6695 | D:7      | Reached skill level 12 in Polearms
  6741 | D:7      | Reached skill level 1 in Armour
  6769 | D:7      | Found a staircase to the Ecumenical Temple.
  6780 | Temple   | Entered the Ecumenical Temple
  6953 | Temple   | Became a worshipper of Warmaster Okawaru
  7136 | D:7      | Noticed Joseph
  7345 | D:7      | Killed Joseph
  7345 | D:7      | Reached * piety under Okawaru
  7378 | D:7      | Gained mutation: You are mostly covered in large bone
                  | plates. (SH +6) [demonic ancestry]
  7378 | D:7      | Reached XP level 10. HP: 43/70 MP: 3/10
  7697 | D:8      | Noticed a two-headed ogre
  7702 | D:8      | Killed a two-headed ogre
  7702 | D:8      | Reached ** piety under Okawaru
  7857 | D:8      | Noticed Grum
  7871 | D:8      | Killed Grum
  7877 | D:8      | Reached skill level 5 in Dodging
  7883 | D:8      | Reached skill level 5 in Fighting
  8004 | D:8      | Found a blossoming altar of Fedhas.
  8004 | D:8      | Found a shimmering blue altar of Sif Muna.
  8511 | D:8      | Reached *** piety under Okawaru
  8658 | D:8      | Noticed Maurice
  8661 | D:8      | Killed Maurice
  8952 | D:9      | Found Wapeag's Weapon Shop.
  9167 | D:9      | Reached skill level 5 in Armour
  9288 | D:9      | Noticed a two-headed ogre
  9296 | D:9      | Killed a two-headed ogre
  9296 | D:9      | Reached **** piety under Okawaru
  9630 | D:9      | Noticed a cyclops
  9631 | D:9      | Noticed a centaur warrior
  9644 | D:9      | Killed an unseen horror
  9652 | D:9      | Killed a centaur warrior
  9652 | D:9      | Reached XP level 11. HP: 41/82 MP: 3/11
  9663 | D:9      | Slain by an unseen horror

Levels and vault maps discovered:
D:1:      minmay_arrival_jagged, layout_basic, minmay_stone_trees_small
D:2:      cheibrodos_pilgrimage, layout_loops_ring, lemuel_doored_altar,
          minmay_goblin_outpost, uniq_natasha
D:3:      layout_basic, uniq_sigmund
D:4:      layout_loops_ring, first_ration, uniq_edmund, uniq_pikel
D:5:      layout_rooms
D:6:      layout_rooms, old_standard_altar, nicolae_qazlal_general_emergency,
          nicolae_alphabet_shops
D:7:      layout_loops_ring, minmay_temple_entry_gardened_gates, the_bakery,
          uniq_prince_ribbit1, uniq_joseph
D:8:      layout_loops_corners, amethyst_overflow_temple_binary, worms_lemuel,
          uniq_maurice, uniq_grum
D:9:      minmay_shrinking_squares, layout_basic, serial_shops,
          nicolae_shop_temple_entry_statues_fountains
Temple:   bh_familiar_temple

Skill      XL: |  1  2  3  4  5  6  7  8  9 10 |
---------------+-------------------------------+-----
Polearms       | 3 4 5 6 7 8 11 12 | 12.0
Armour         | 3 5 |  5.8
Dodging        | 4 6 |  6.5
Fighting       | 4 6 |  6.8
Throwing       | |  1.7

Action                   |  1- 3 |  4- 6 |  7- 9 | 10-12 || total
-------------------------+-------+-------+-------+-------++-------
Melee: Trident           |    84 |   193 |   302 |       ||   579
       Kick              |       |    37 |    84 |    32 ||   153
       Demon trident     |       |       |    84 |   132 ||   216
  Use: Scroll            |       |     6 |     9 |     3 ||    18
       Potion            |       |     2 |       |       ||     2
 Stab: Sleeping          |       |    13 |    20 |    13 ||    46
       Distracted        |       |       |     3 |     1 ||     4
  Eat: Chunk             |     1 |     8 |    12 |     7 ||    28
Armor: Leather armour    |    21 |    26 |    47 |    15 ||   109
Dodge: Dodged            |    37 |    60 |   119 |    44 ||   260
Block: Other             |       |     5 |    50 |    18 ||    73

Table legend:
 A = Non-vault XP
 B = Vault XP
 C = Vault XP percentage of total XP
 D = Non-vault monster count
 E = Vault monster count
 F = Vault count percentage of total count
                 A         B        C        D         E       F
            +---------+---------+-------+---------+---------+-------
      Total |    6868 |    4722 |  40.7 |     214 |      32 |  13.0
            +---------+---------+-------+---------+---------+-------
        D:1 |      39 |       0 |   0.0 |      18 |       0 |   0.0
        D:2 |     232 |     169 |  42.1 |      24 |      12 |  33.3
        D:3 |      76 |     141 |  65.0 |      26 |       1 |   3.7
        D:4 |     503 |     465 |  48.0 |      18 |       2 |  10.0
        D:5 |     381 |       0 |   0.0 |      19 |       0 |   0.0
        D:6 |     939 |       0 |   0.0 |      44 |       0 |   0.0
        D:7 |    1939 |     837 |  30.2 |      37 |       3 |   7.5
        D:8 |    1391 |    1487 |  51.7 |      20 |      10 |  33.3
        D:9 |    1368 |    1623 |  54.3 |       8 |       4 |  33.3
            +---------+---------+-------+---------+---------+-------

Table legend:
 A = Turns spent in this place as a percentage of turns spent in the entire game.
 B = Non-inter-level travel turns spent in this place as a percentage of non-inter-level travel turns spent in the entire game.
 C = Inter-level travel turns spent in this place as a percentage of turns spent in this place.
 D = Turns resting spent in this place as a percentage of non-inter-level travel turns spent in this place.
 E = Turns spent auto-exploring this place as a percentage of non-inter-level travel turns spent in this place.
 F = Non-inter-level travel turns spent in this place divided by the number of levels of this place that you've seen.
                   A       B       C       D       E      F
               +-------+-------+-------+-------+-------+----------------------
         Total | 100.0 | 100.0 |   5.2 |  22.7 |  55.9 | 916.2
       Dungeon |  97.9 |  98.2 |   4.9 |  23.1 |  55.1 | 1000.0
        Temple |   2.1 |   1.8 |  18.6 |   0.0 |  98.8 | 162.0
               +-------+-------+-------+-------+-------+----------------------

Table legend:
 A = Kills in this place as a percentage of kills in entire the game.
 B = Kills by you in this place as a percentage of kills by you in the entire game.
 C = Kills by friends in this place as a percentage of kills by friends in the entire game.
 D = Other kills in this place as a percentage of other kills in the entire game.
 E = Experience gained in this place as a percentage of experience gained in the entire game.
 F = Experience gained in this place divided by the number of levels of this place that you have seen.
                   A       B       C       D       E      F
               +-------+-------+-------+-------+-------+----------------------
         Total | 100.0 | 100.0 | 100.0 |   N/A | 100.0 | 1159.0
       Dungeon | 100.0 | 100.0 | 100.0 |   N/A | 100.0 | 1287.8
               +-------+-------+-------+-------+-------+----------------------
